 Dungeon Crawl Stone Soup version 0.28-a0-1415-g7c84da036a (webtiles) character file.

Game seed: 1815666769157791237

4008 backslashecho the Carver (level 10, 0/80 HPs)
             Began as a Mummy Fighter on Jan 8, 2022.
             Was a Follower of Okawaru.
             Killed from afar by a steam dragon (12 damage)
             ... with a ball of steam
             ... on level 8 of the Dungeon.
             The game lasted 00:22:03 (8526 turns).

backslashecho the Carver (Mummy Fighter)            Turns: 8526, Time: 00:22:04

Health: 0/80       AC: 11    Str: 35    XL:     10   Next: 3%
Magic:  11/11      EV:  8    Int: 12    God:    Okawaru [*.....]
Gold:   376        SH: 10    Dex: 14    Spells: 9/9 levels left

rFire   x x .      SeeInvis .   a - +4 scimitar (chaos)
rCold   + . .      Faith    .   c - +0 buckler
rNeg    + + +      Spirit   .   b - +0 chain mail
rPois   ∞          Reflect  +   i - +0 helmet
rElec   .          Harm     .   (no cloak)
rCorr   .          Rampage  .   l - +0 pair of gloves
Will    +....                   (no boots)
Stlth   ..........              g - amulet "Qestrosirph" {Reflect rF- Regen+ Int+4 Dex+2 SH+5}
HPRegen 1.03/turn               t - +6 ring of strength
MPRegen 0.12/turn               u - +6 ring of strength

@: no status effects
A: cold resistance 1, negative energy resistance 3, torment resistance 2, heat
vulnerability 1, no potions
a: Renounce Religion, Heroism


You were on level 8 of the Dungeon.
You worshipped Okawaru.
Okawaru was aware of your devotion.
You visited 2 branches of the dungeon, and saw 9 of its levels.

You collected 376 gold pieces.

Inventory:

Hand Weapons
 a - a +4 scimitar of chaos (weapon)
Missiles
 s - 5 atropa-tipped darts (quivered)
Armour
 b - a +0 chain mail (worn)
 c - a +0 buckler (worn)
 i - a +0 helmet (worn)
 l - a +0 pair of gloves (worn)
Jewellery
 g - the amulet "Qestrosirph" (around neck) {Reflect rF- Regen+ Int+4 Dex+2 SH+5}
   (You took it off a goblin on level 2 of the Dungeon)

   [amulet of reflection]

   It reflects blocked missile attacks.
   Int:       It affects your intelligence (+4).
   Dex:       It affects your dexterity (+2).
   rF:        It makes you vulnerable to fire.
   Regen:     It increases your rate of health regeneration.
   SH:        It affects your SH (+5).
 t - a +6 ring of strength (left hand)
 u - a +6 ring of strength (right hand)
Wands
 m - a wand of iceblast (3)
 v - a wand of flame (7)
Scrolls
 d - 3 scrolls of identify
 e - 2 scrolls of fog
 h - 2 scrolls of noise {unknown}
 j - 4 scrolls of enchant armour {unknown}
 k - 2 scrolls of fear {unknown}
 n - a scroll of teleportation
 o - a scroll of holy word {unknown}
 p - 2 scrolls of blinking {unknown}
 q - a scroll of torment {unknown}
 r - a scroll of magic mapping {unknown}


   Skills:
 + Level 7.8 Fighting
 * Level 8.8 Long Blades
 - Level 4.0 Armour
 - Level 5.0 Shields
 + Level 2.6 Invocations


You had 9 spell levels left.
You didn't know any spells.
Your spell library contained the following spells:

 Spells                   Type           Power      Damage    Failure   Level
 Freeze                   Ice            0%         1d3       86%         1
 Blink                    Tloc           0%         N/A       95%         2
 Scorch                   Fire           0%         2d5       95%         2
 Frozen Ramparts          Ice            0%         1d2       99%         3
 Lesser Beckoning         Tloc           0%         N/A       99%         3
 Flame Wave               Conj/Fire      0%         2d4       100%        4
 Hailstorm                Conj/Ice       0%         3d3       100%        4
 Manifold Assault         Tloc           0%         N/A       100%        5
 Sublimation of Blood     Necr           Unusable   N/A       N/A         2
 Summon Guardian Golem    Hex/Summ       Unusable   N/A       N/A         3
 Summon Cactus Giant      Summ           Unusable   N/A       N/A         6
 Monstrous Menagerie      Summ           Unusable   N/A       N/A         7

Dungeon Overview and Level Annotations

Branches:
Dungeon (8/15)             Temple (1/1) D:7
   Lair: D:8-11

Altars:
Ashenzari
Cheibriados
Dithmenos
Elyvilon
Fedhas
Gozag
Hepliaklqana
Kikubaaqudgha
Makhleb
Nemelex Xobeh
Okawaru
Qazlal
Ru
Sif Muna
Trog
Uskayaw
Vehumet
Wu Jian
Xom
Yredelemnul
Zin
The Shining One

Shops:
D:2 [

Annotations:
D:4 2 runed translucent doors
D:7 baker?


Innate Abilities, Weirdness & Mutations

You are immune to poison.
Your flesh is cold resistant. (rC+)
You are immune to negative energy. (rN+++)
You are immune to unholy pain and torment.
You are vulnerable to heat. (rF-)
You do not drink.


Message History

Found a short bronze wand.
A steam dragon comes into view.
Okay, then.
As you read the scroll labelled IRYWILLA JOSENT, it crumbles to dust.
It is a scroll of brand weapon.
Your +4 scimitar erupts in a glittering mayhem of colour.
a - a +4 scimitar of chaos (weapon)
The steam dragon hisses angrily.
You hit the two-headed ogre but do no damage.
You block the two-headed ogre's attack.
The two-headed ogre hits you with a +0 giant club.
You take 2 damage, and have 78/80 hp.
You barely miss the two-headed ogre.
The two-headed ogre hits you with a +0 giant spiked club!!
The two-headed ogre completely misses you.
You take 19 damage, and have 59/80 hp.
MASSIVE DAMAGE!!
You barely miss the two-headed ogre. You slash the two-headed ogre!
You drain the two-headed ogre.
The two-headed ogre is moderately wounded.
The two-headed ogre hits you with a +0 giant spiked club.
The two-headed ogre barely misses you.
You slice the two-headed ogre!! You burn the two-headed ogre.
The two-headed ogre is severely wounded.
The two-headed ogre hits you with a +0 giant spiked club!!
You block the two-headed ogre's attack.
You take 32 damage, and have 28/80 hp.
MASSIVE DAMAGE!!
You are too injured to fight recklessly!
You are too injured to fight recklessly!
You are too injured to fight recklessly!
You hit the two-headed ogre but do no damage.
The two-headed ogre is moving more slowly.
The two-headed ogre is severely wounded.
The steam dragon breathes steam at you. The ball of steam hits you!!
The steam scalds you terribly!
* * * LOW HITPOINT WARNING * * *
You block the two-headed ogre's attack. x2
You take 17 damage, and have 11/80 hp.
MASSIVE DAMAGE!!
The steam dragon breathes steam at you. The ball of steam hits you!
The steam scalds you terribly!
You die...

######....######
.../.##....))).#
.....##.....)#.#
......##.†...#.#
..!...##...#.#.#
#....##..#.#)#
##...O##..#.#.#
#....D§§§§§§#.#
#.....§@....#.#
#..........#.#
#..........#.#
....#
######...+##.#
.?.. #.(.. #
...# ..... #...#
......# ...#
........ ...#


You could see a two-headed ogre (petrifying, drained) and a steam dragon
(catching breath).

Vanquished Creatures
  The ghost of ASSMAN the Nimble, a novice MfBr (D:6)
  Pikel (D:8)
  A spriggan (D:7)
  A wyvern (D:4)
  2 water moccasins (D:8)
  An acid dragon (D:7)
  A sky beast (D:7)
  2 black bears
  2 ogres
  A wolf (D:8)
  A centaur (D:6)
  3 lemures (D:8)
  A phantom (D:6)
  3 bullfrogs
  A wyvern zombie (D:4)
  A scorpion (D:6)
  6 killer bees (D:6)
  5 wights (D:7)
  A vampire bat (D:6)
  2 howler monkeys
  A bullfrog zombie (D:4)
  3 orc priests
  3 hounds
  A bullfrog skeleton (D:4)
  A centaur skeleton (D:5)
  2 iguanas
  6 orc wizards
  2 hound skeletons (D:4)
  Robin (D:3)
  5 gnolls
  9 adders
  4 white imps
  An ufetubus (D:6)
  An adder skeleton (D:4)
  2 worms
  5 dart slugs
  32 orcs
  7 endoplasms
  3 giant cockroaches
  22 goblins
  4 hobgoblins
  A jackal (D:4)
  4 quokkas
  2 ball pythons (D:3)
  11 bats
  4 frilled lizards
  8 kobolds
  3 rats
185 creatures vanquished.

Vanquished Creatures (others)
  An orc wizard (D:8)
1 creature vanquished.

Grand Total: 186 creatures vanquished

Notes
Turn   | Place    | Note
-------+----------+-------------------------------------------
     0 | D:1      | backslashecho the Mummy Fighter began the quest for the
                  | Orb.
     0 | D:1      | Reached XP level 1. HP: 18/18 MP: 1/1
   872 | D:1      | Reached skill level 2 in Long Blades
   872 | D:1      | Reached XP level 2. HP: 23/24 MP: 2/2
  1530 | D:2      | Reached XP level 3. HP: 29/29 MP: 3/3
  1616 | D:2      | Identified the amulet "Qestrosirph" {Reflect rF- Regen+
                  | Int+4 Dex+2 SH+5}
  1847 | D:2      | Found Soihubb's Armour Shop.
  1962 | D:3      | Found a faded altar of an unknown god.
  2483 | D:3      | Noticed Robin
  2485 | D:3      | Reached XP level 4. HP: 32/35 MP: 4/4
  2648 | D:2      | Reached skill level 3 in Long Blades
  2783 | D:3      | Killed Robin
  2873 | D:3      | Reached XP level 5. HP: 42/42 MP: 5/5
  3469 | D:4      | Found a large runed translucent door.
  3470 | D:4      | Found a large runed translucent door.
  3475 | D:4      | Found a large runed translucent door.
  3475 | D:4      | Found a large runed translucent door.
  3589 | D:4      | Noticed a wyvern
  3601 | D:4      | Killed a wyvern
  3602 | D:4      | Reached skill level 4 in Long Blades
  3602 | D:4      | Reached XP level 6. HP: 16/49 MP: 6/6
  3741 | D:4      | Got the Almanac of Creative Darkness
  3979 | D:4      | Found a snail-covered altar of Cheibriados.
  3981 | D:4      | Found a radiant altar of Vehumet.
  4294 | D:4      | Reached XP level 7. HP: 42/55 MP: 7/7
  4787 | D:4      | Reached skill level 5 in Fighting
  4787 | D:4      | Reached skill level 5 in Long Blades
  4868 | D:5      | Entered Level 5 of the Dungeon
  5007 | D:5      | You fall into a shaft and drop 2 floors!
  5341 | D:6      | Reached XP level 8. HP: 37/63 MP: 8/8
  5351 | D:6      | Reached skill level 6 in Long Blades
  5389 | D:6      | Found a runed translucent door.
  5396 | D:6      | Noticed ASSMAN's ghost (novice MfBr)
  6187 | D:6      | Reached skill level 5 in Shields
  6593 | D:6      | Reached skill level 7 in Long Blades
  6650 | D:6      | Killed ASSMAN's ghost
  6651 | D:6      | Reached XP level 9. HP: 60/71 MP: 9/9
  6954 | D:7      | Found a staircase to the Ecumenical Temple.
  7092 | Temple   | Entered the Ecumenical Temple
  7232 | Temple   | Became a worshipper of Warmaster Okawaru
  7930 | D:7      | Reached skill level 8 in Long Blades
  8120 | D:7      | Reached skill level 1 in Invocations
  8290 | D:8      | Noticed Pikel
  8321 | D:8      | Killed Pikel
  8321 | D:8      | Reached * piety under Okawaru
  8469 | D:8      | Reached XP level 10. HP: 74/80 MP: 11/11
  8516 | D:8      | Noticed a two-headed ogre
  8526 | D:8      | Killed from afar by a steam dragon

Illustrated notes

Levels and vault maps discovered:
D:1:      matt_arrival_los_fun, layout_basic, dk_noncrumbling_3,
          minmay_door_square
D:2:      layout_basic, serial_shops, shop
D:3:      layout_basic, shapermc_ecumenical_altar_totnotflames,
          minmay_misc_feat_doors, kennysheep_generic_room_2, uniq_robin
D:4:      layout_basic, chequers_temple_overflow_statue_of_worship,
          hangedman_decor_growths, eino_tiny_chamber,
          minmay_hollow_rounded_squares
D:5:      layout_loops_ring, hangedman_decor_lopped
D:6:      layout_loops_cross, ebering_ghost_sewer_d, roderic_batcave
D:7:      layout_gridville, temple_hall, minmay_curled_crystal,
          minmay_misc_feat_roman, the_hattery
D:8:      layout_basic, serial_shops, kennysheep_mini, nicolae_two_hexagons,
          minivault_24, uniq_maurice, uniq_pikel, uniq_grum, uniq_maggie
Temple:   mainiacjoe_temple_cubbyholes

Skill      XL: |  1  2  3  4  5  6  7  8  9 |
---------------+----------------------------+-----
Long Blades    | 2 3 4 5 7 8 |  8.8
Shields        | 3 4 5 |  5.0
Fighting       | 4 5 6 7 |  7.8
Armour         | 3 4 |  4.0
Invocations    | 2 |  2.6

Action                   |  1- 3 |  4- 6 |  7- 9 | 10-12 || total
-------------------------+-------+-------+-------+-------++-------
Melee: Long sword        |   124 |   235 |   417 |       ||   776
       Scimitar          |       |       |    85 |    22 ||   107
Throw: Dart              |       |       |     7 |       ||     7
Evoke: Wand              |       |       |     1 |       ||     1
  Use: Scroll            |       |     1 |     2 |     1 ||     4
Armor: Scale mail        |    45 |    46 |       |       ||    91
       Robe              |       |    18 |       |       ||    18
       Chain mail        |       |       |   237 |    25 ||   262
Dodge: Dodged            |    49 |    78 |   153 |     9 ||   289
Block: Buckler           |    41 |   124 |   298 |    12 ||   475
       Reflection        |     1 |     1 |     2 |       ||     4

Table legend: (Time is in decaauts)
 A = Elapsed time spent in this place.
 B = Non-inter-level travel time spent in this place.
 C = Inter-level travel time spent in this place.
 D = Time resting spent in this place.
 E = Time spent auto-exploring this place.
 F = Levels seen in this place.
 G = Mean time per level.
                   A        B        C        D        E       F      G
               +--------+--------+--------+--------+--------+-----+--------+
         Total |   8703 |   7968 |    735 |    744 |   4569 |   9 |  967.0 |
       Dungeon |   8353 |   7672 |    681 |    744 |   4280 |   8 | 1044.1 |
        Temple |    349 |    296 |     53 |      0 |    289 |   1 |  349.0 |
               +--------+--------+--------+--------+--------+-----+--------+

Top non-repeatable levels by time:
     D:3: 1434 daAuts
     D:4: 1425 daAuts
     D:1: 1265 daAuts
     D:7: 1208 daAuts
     D:6: 1097 daAuts
     D:2: 933 daAuts
     D:5: 715 daAuts
  Temple: 349 daAuts
     D:8: 274 daAuts
